 Dungeon Crawl Stone Soup version 0.28.0-1-gb440e238dd (webtiles) character file.

Game seed: 12908393994437624755

5 Woods the Caller (level 1, -1/7 HPs)
             Began as a Felid Summoner on Feb 25, 2022.
             Slain by a frilled lizard (3 damage)
             ... on level 1 of the Dungeon.
             The game lasted 00:00:34 (223 turns).

Woods the Caller (Felid Summoner)                    Turns: 223, Time: 00:00:34

Health: -1/7       AC:  1    Str:  4    XL:     1   Next: 66%
Magic:  2/4        EV: 17    Int: 16    God:
Gold:   10         SH:  0    Dex: 16    Spells: 3/4 levels left
                                        Lives:  0   Deaths: 0

rFire   . . .      SeeInvis +   (weapon unavailable)
rCold   . . .      Faith    .   (shield unavailable)
rNeg    . . .      Spirit   .   (armour unavailable)
rPois   .          Reflect  .   (helmet unavailable)
rElec   .          Harm     .   (cloak unavailable)
rCorr   .          Rampage  .   (gloves unavailable)
Will    .....                   (boots unavailable)
Stlth   ++........              (no amulet)
HPRegen 0.02/turn               (no ring)
MPRegen 0.09/turn               (no ring)

@: quick
A: very small, claws 1, fangs 3, see invisible, speed 1, shaggy fur 1, stealthy
paws, no weapons or thrown items, no armour, multi-lived
a: no special abilities


You were on level 1 of the Dungeon.
You visited 1 branch of the dungeon, and saw 1 of its levels.

You collected 10 gold pieces.

Inventory:

Potions
 a - a potion of flight {unknown}


   Skills:
 + Level 2.9 Dodging
 + Level 2.9 Stealth
 + Level 2.1 Spellcasting
 + Level 4.0 Summonings


You had 3 spell levels left.
You knew the following spells:

 Your Spells              Type           Power      Damage    Failure   Level
a - Summon Small Mammal   Summ           56%        N/A       3%          1

Your spell library contained the following spells:

 Spells                   Type           Power      Damage    Failure   Level
 Call Imp                 Summ           14%        N/A       6%          2
 Call Canine Familiar     Summ           14%        N/A       12%         3
 Magic Dart               Conj           4%         1d3       21%         1
 Summon Guardian Golem    Hex/Summ       8%         N/A       26%         3
 Mephitic Cloud           Conj/Pois/Air  1%         N/A       52%         3
 Summon Lightning Spire   Summ/Air       8%         N/A       65%         4


Dungeon Overview and Level Annotations

Branches:
Dungeon (1/15)

Altars:


Innate Abilities, Weirdness & Mutations

You have sharp claws.
You have razor-sharp teeth.
You have supernaturally acute eyesight. (SInv)
You cover ground quickly. (Speed+)
You are covered in fur. (AC +1)
Your paws help you pounce on unaware monsters.
You are incapable of wielding weapons or throwing items.
You cannot wear armour.
You gain extra lives every three experience levels.


Message History

Your quokka barely misses the frilled lizard.
Your quokka bites the frilled lizard.
The frilled lizard dies!
a - a purple potion A hobgoblin comes into view.
A hobgoblin is nearby!
A hobgoblin is nearby!
A hobgoblin is nearby!
Casting: Summon Small Mammal (safe; 4% risk of failure)
Confirm with . or Enter, or press ? or * to list all spells.
Your quokka disappears in a puff of smoke!
You pounce on the unaware helpless hobgoblin!
You scratch the hobgoblin.
The hobgoblin is severely wounded.
Your rat bites the hobgoblin.
The hobgoblin misses you.
Your rat bites the hobgoblin.
The hobgoblin dies!
Your rat disappears in a puff of smoke!
A frilled lizard comes into view.
Found 9 gold pieces.
A frilled lizard is nearby!
A frilled lizard is nearby!
Casting: Summon Small Mammal (safe; 3% risk of failure)
Confirm with . or Enter, or press ? or * to list all spells.
Your rat disappears in a puff of smoke!
Casting: Summon Small Mammal (safe; 3% risk of failure)
Confirm with . or Enter, or press ? or * to list all spells.
You swap places.
The frilled lizard hisses angrily.
The frilled lizard bites you.
A kobold comes into view. It is wielding a +0 short sword.
You scratch the frilled lizard.
The frilled lizard is heavily wounded.
The frilled lizard bites you.
* * * LOW HITPOINT WARNING * * *
Your quokka closely misses the frilled lizard.
You miss the frilled lizard.
The frilled lizard is heavily wounded.
The frilled lizard bites you.
You die...

##### ###### . ....#
##....####....
....#######....r@lK..#
.................r$..#
.....#######..#.####.#
.....# #..#.# # #.##.#
#..#.# #.##.# #..#.#
#.##.# #..#.# #.##.#
#..#.. #.##.# .#...#


You could see a kobold, a frilled lizard (ally target) and 2 friendly quokkas.

Vanquished Creatures
  A frilled lizard (D:1)
1 creature vanquished.

Vanquished Creatures (collateral kills)
  A giant cockroach (D:1)
  2 hobgoblins (D:1)
  A frilled lizard (D:1)
4 creatures vanquished.

Grand Total: 5 creatures vanquished

Notes
Turn   | Place    | Note
-------+----------+-------------------------------------------
     0 | D:1      | Woods the Felid Summoner began the quest for the Orb.
     0 | D:1      | Reached XP level 1. HP: 7/7 MP: 4/4
   223 | D:1      | Slain by a frilled lizard

Illustrated notes

Levels and vault maps discovered:
D:1:      dpeg_arrival_more_subterranean_lakeside_camping, layout_loops_ring,
          minmay_tetromino_i2

Action                   || total
-------------------------++-------
Melee: Unarmed           ||    11
 Cast: Summon Small Mamm ||    10
 Stab: Sleeping          ||     1
Armor: Skin              ||     2
Dodge: Dodged            ||     6
